ORI
UNIVERSITY OF MAINE BLACK BEARS @ UNIVERSITY OF MIAMI HURRICANES
08/24/2048
 
TOP OF THE 1ST
University of Maine Black Bears batting - Pitching for University of Miami Hurricanes : RHP Raymilson La Arena
Pitching: RHP Raymilson La Arena
Batting: RHB Wang Huan 0-0: Called Strike
0-1: Foul Ball, location: 2F
0-2: Foul Ball, location: 2F
0-2: Strikes out swinging
Batting: LHB Dave Aguilar 0-0: Ball
1-0: Called Strike
1-1: Swinging Strike
1-2: Foul Ball, location: 2F
1-2: Ground out 4-3 (Groundball, 4D, EV 105.0 MPH)
Batting: SHB Mario Barajas 0-0: Called Strike
0-1: Ball
1-1: Ball
2-1: Ball
3-1: Called Strike
3-2: Foul Ball, location: 2F
3-2: Ground out 5-3 (Groundball, 56S, EV 86.9 MPH)
Top of the 1st over - 0 runs, 0 hits, 0 errors, 0 left on base; University of Maine 0 - University of Miami 0
BOTTOM OF THE 1ST
University of Miami Hurricanes batting - Pitching for University of Maine Black Bears : LHP Simone Richelmi
Pitching: LHP Simone Richelmi
Batting: RHB Danny Gallardo 0-0: Ball
1-0: SINGLE (Groundball, 6D, EV 100.0 MPH)
Batting: LHB Brian Woods 0-0: Ball
1-0: Ground out U3 (Groundball, 3S, EV 63.1 MPH)
Danny Gallardo to second
Batting: RHB Burke Miller 0-0: Called Strike
0-1: Foul Ball, location: 2F
0-2: 2-RUN HOME RUN (Flyball, 7D, EV 95.6 MPH), Distance : 362 ft
Batting: RHB Chris Zubia 0-0: Ball
1-0: Ball
2-0: Foul Ball, location: 2F
2-1: Ball
3-1: Called Strike
3-2: Base on Balls
Batting: SHB Taylor Shelton 0-0: Called Strike
0-1: Ball
1-1: Swinging Strike
1-2: Strikes out swinging
Batting: LHB Hector Salazar 0-0: Ball
1-0: Swinging Strike
1-1: Foul Ball, location: 2F
1-2: Foul Ball, location: 2F
1-2: Strikes out swinging
Bottom of the 1st over - 2 runs, 2 hits, 0 errors, 1 left on base; University of Maine 0 - University of Miami 2
TOP OF THE 2ND
University of Maine Black Bears batting - Pitching for University of Miami Hurricanes : RHP Raymilson La Arena
Batting: LHB Carlos Rivera 0-0: Called Strike
0-1: Swinging Strike
0-2: Ground out 1-3 (Groundball, 13S, EV 73.1 MPH)
Batting: RHB Geoffrey Potter 0-0: Foul Ball, location: 2F
0-1: Ball
1-1: Ball
2-1: Ball
3-1: SINGLE (Groundball, 56, EV 103.1 MPH) (infield hit)
Batting: RHB Jay Mellon 0-0: Fielders Choice at 2nd, 5-4 (Groundball, 56, EV 104.4 MPH)
Batting: RHB Geoffrey Gonzalez 0-0: Ball
1-0: Foul Ball, location: 2F
1-1: Foul Ball, location: 2F
1-2: Ball
2-2: Foul Ball, location: 2F
2-2: Ball
Jay Mellon steals 2nd, throwing error, E2
Jay Mellon to third
3-2: Base on Balls
Batting: RHB Chris Hill 0-0: Foul Ball, location: 2F
0-1: Called Strike
0-2: Ball
1-2: Ball
2-2: Ball
3-2: Foul Ball, location: 2F
3-2: Strikes out swinging
Top of the 2nd over - 0 runs, 1 hit, 1 error, 2 left on base; University of Maine 0 - University of Miami 2
BOTTOM OF THE 2ND
University of Miami Hurricanes batting - Pitching for University of Maine Black Bears : LHP Simone Richelmi
Batting: LHB Juan Zuniga 0-0: Called Strike
0-1: Ball
1-1: Ball
2-1: Foul Ball, location: 2F
2-2: Foul Ball, location: 2F
2-2: Foul Ball, location: 2F
2-2: Foul Ball, location: 2F
2-2: Strikes out looking
Batting: RHB Justin Jackson 0-0: Ball
1-0: Swinging Strike
1-1: Called Strike
1-2: Foul Ball, location: 2F
1-2: Ball
2-2: Foul Ball, location: 2F
2-2: Strikes out swinging
Batting: LHB Addergoole Kartosuwiryo 0-0: Ball
1-0: Foul Ball, location: 2F
1-1: Ground out 6-3 (Groundball, 6, EV 91.9 MPH)
Bottom of the 2nd over - 0 runs, 0 hits, 0 errors, 0 left on base; University of Maine 0 - University of Miami 2
TOP OF THE 3RD
University of Maine Black Bears batting - Pitching for University of Miami Hurricanes : RHP Raymilson La Arena
Batting: RHB Rewa Havika 0-0: Ball
1-0: Called Strike
1-1: Foul Ball, location: 2F
1-2: Strikes out swinging
Batting: RHB Wang Huan 0-0: Called Strike
0-1: Ball
1-1: Ball
2-1: Ground out 5-3 (Groundball, 5, EV 86.9 MPH)
Batting: LHB Dave Aguilar 0-0: Hit by Pitch
Batting: SHB Mario Barajas 0-0: Called Strike
0-1: SINGLE (Groundball, 4MD, EV 100.6 MPH)
Dave Aguilar to second
Batting: LHB Carlos Rivera 0-0: Called Strike
0-1: Ball
1-1: Ball
2-1: Fly out, F9 (Line Drive, 89M, EV 85.0 MPH)
Top of the 3rd over - 0 runs, 1 hit, 0 errors, 2 left on base; University of Maine 0 - University of Miami 2
BOTTOM OF THE 3RD
University of Miami Hurricanes batting - Pitching for University of Maine Black Bears : LHP Simone Richelmi
Batting: RHB Danny Gallardo 0-0: Ground out U3 (Groundball, 34, EV 85.0 MPH)
Batting: LHB Brian Woods 0-0: Ball
1-0: Called Strike
1-1: Ball
2-1: Ground out U3 (Groundball, 3, EV 78.8 MPH)
Batting: RHB Burke Miller 0-0: Called Strike
0-1: Called Strike
0-2: Ball
1-2: Strikes out looking
Bottom of the 3rd over - 0 runs, 0 hits, 0 errors, 0 left on base; University of Maine 0 - University of Miami 2
TOP OF THE 4TH
University of Maine Black Bears batting - Pitching for University of Miami Hurricanes : RHP Raymilson La Arena
Batting: RHB Geoffrey Potter 0-0: Ball
1-0: Ball
2-0: Ball
3-0: Called Strike
3-1: Called Strike
3-2: Strikes out swinging
Batting: RHB Jay Mellon 0-0: Called Strike
0-1: DOUBLE (Line Drive, 5D, EV 95.0 MPH)
Pinch Runner at 2nd John Bergeron:
Batting: RHB Geoffrey Gonzalez 0-0: Called Strike
0-1: Swinging Strike
0-2: Ball
1-2: Ball
2-2: Foul Ball, location: 2F
2-2: Strikes out looking
Batting: RHB Chris Hill 0-0: Ball
1-0: Foul Ball, location: 2F
1-1: Called Strike
1-2: Foul Ball, location: 2F
1-2: Ball
2-2: Foul Ball, location: 2F
2-2: Fly out, F9 (Line Drive, 89M, EV 91.2 MPH)
Top of the 4th over - 0 runs, 1 hit, 0 errors, 1 left on base; University of Maine 0 - University of Miami 2
BOTTOM OF THE 4TH
University of Miami Hurricanes batting - Pitching for University of Maine Black Bears : LHP Simone Richelmi
Now in LF: John Bergeron
Batting: RHB Chris Zubia 0-0: Called Strike
0-1: Ball
1-1: Foul Ball, location: 2F
1-2: Ball
2-2: Ball
3-2: Foul Ball, location: 2F
3-2: Foul Ball, location: 2F
3-2: Foul Ball, location: 2F
3-2: Strikes out swinging
Batting: SHB Taylor Shelton 0-0: Foul Ball, location: 2F
0-1: Ball
1-1: Ball
2-1: Foul Ball, location: 2F
2-2: Foul Ball, location: 2F
2-2: Ball
3-2: Foul Ball, location: 2F
3-2: SINGLE (Groundball, 4M, EV 109.4 MPH) (infield hit)
Batting: LHB Hector Salazar 0-0: Foul Ball, location: 2F
0-1: Swinging Strike
0-2: Fly out, F9 (Flyball, 9, EV 88.1 MPH)
Batting: LHB Juan Zuniga 0-0: Ball
1-0: Called Strike
1-1: Fielders Choice at 2nd, 6-4 (Groundball, 6, EV 102.5 MPH)
Bottom of the 4th over - 0 runs, 1 hit, 0 errors, 1 left on base; University of Maine 0 - University of Miami 2
TOP OF THE 5TH
University of Maine Black Bears batting - Pitching for University of Miami Hurricanes : RHP Raymilson La Arena
Pitching: RHP Terry Johnson
Batting: RHB Rewa Havika 0-0: Called Strike
0-1: Called Strike
0-2: Ball
1-2: Foul Ball, location: 2F
1-2: Ball
2-2: Ball
3-2: Fly out, F4 (Popup, 13, EV 83.1 MPH)
Batting: RHB Wang Huan 0-0: Called Strike
0-1: TRIPLE (Line Drive, 78XD, EV 110.6 MPH)
Batting: LHB Dave Aguilar 0-0: Ball
1-0: Ground out 6-3 (Groundball, 6, EV 86.9 MPH)
Wang Huan scores
Batting: SHB Mario Barajas 0-0: Foul Ball, location: 2F
0-1: SINGLE (Groundball, 34D, EV 98.1 MPH)
Batting: LHB Carlos Rivera 0-0: Swinging Strike
0-1: Ball
1-1: Foul Ball, location: 2F
1-2: Strikes out looking
Top of the 5th over - 1 run, 2 hits, 0 errors, 1 left on base; University of Maine 1 - University of Miami 2
BOTTOM OF THE 5TH
University of Miami Hurricanes batting - Pitching for University of Maine Black Bears : LHP Simone Richelmi
Batting: RHB Justin Jackson 0-0: Swinging Strike
0-1: SINGLE (Groundball, 4MD, EV 95.0 MPH)
Batting: LHB Addergoole Kartosuwiryo 0-0: Called Strike
0-1: Called Strike
0-2: Foul Ball, location: 2F
0-2: Foul Ball, location: 2F
0-2: Ball
1-2: Ball
2-2: Strikes out swinging
Pitching: RHP Noah Johnson
Batting: RHB Danny Gallardo 0-0: Called Strike
0-1: Swinging Strike
0-2: Ball
1-2: Strikes out swinging
Batting: LHB Brian Woods 0-0: Ball
1-0: Ground out 4-3 (Groundball, 4, EV 80.0 MPH)
Bottom of the 5th over - 0 runs, 1 hit, 0 errors, 1 left on base; University of Maine 1 - University of Miami 2
TOP OF THE 6TH
University of Maine Black Bears batting - Pitching for University of Miami Hurricanes : RHP Terry Johnson
Batting: RHB Geoffrey Potter 0-0: Ball
1-0: Ground out 4-3 (Groundball, 4, EV 78.8 MPH)
Batting: LHB John Bergeron 0-0: Foul Ball, location: 2F
0-1: Ball
1-1: SINGLE (Groundball, 6D, EV 98.8 MPH)
Batting: RHB Geoffrey Gonzalez 0-0: Ball
1-0: Foul Ball, location: 2F
1-1: Ball
2-1: Ball
3-1: Grounds out, U3 (Groundball, 3L, EV 88.1 MPH)
Batting: RHB Chris Hill 0-0: Foul Ball, location: 2F
0-1: Fly out, F7 (Flyball, 7S, EV 83.1 MPH)
Top of the 6th over - 0 runs, 1 hit, 0 errors, 1 left on base; University of Maine 1 - University of Miami 2
BOTTOM OF THE 6TH
University of Miami Hurricanes batting - Pitching for University of Maine Black Bears : RHP Noah Johnson
Batting: RHB Burke Miller 0-0: Ball
1-0: DOUBLE (Flyball, 89XD, EV 110.6 MPH)
Batting: RHB Chris Zubia 0-0: Swinging Strike
0-1: Swinging Strike
0-2: Ball
1-2: Strikes out looking
Batting: SHB Taylor Shelton 0-0: Ball
1-0: Called Strike
1-1: Ball
2-1: Swinging Strike
2-2: Ground out 6-3 (Groundball, 6, EV 106.2 MPH)
Batting: LHB Hector Salazar 0-0: Swinging Strike
0-1: Foul Ball, location: 2F
0-2: Ground out 6-3 (Groundball, 6, EV 80.6 MPH)
Bottom of the 6th over - 0 runs, 1 hit, 0 errors, 1 left on base; University of Maine 1 - University of Miami 2
TOP OF THE 7TH
University of Maine Black Bears batting - Pitching for University of Miami Hurricanes : RHP Terry Johnson
Batting: RHB Rewa Havika 0-0: Ball
1-0: Hit by Pitch
Batting: RHB Wang Huan 0-0: Bunted foul
0-1: Bunted foul
0-2: Ball
1-2: Ball
2-2: Ball
3-2: Foul Ball, location: 2F
3-2: Grounds into double play, 6-4-3 (Groundball, 6, EV 90.6 MPH)
Batting: LHB Dave Aguilar 0-0: Ball
1-0: Called Strike
1-1: SOLO HOME RUN (Flyball, 9LD, EV 95.6 MPH), Distance : 332 ft
Batting: SHB Mario Barajas 0-0: Called Strike
0-1: SINGLE (Groundball, 6D, EV 94.4 MPH)
Batting: LHB Carlos Rivera 0-0: Ball
1-0: Called Strike
1-1: Ball
2-1: Foul Ball, location: 2F
2-2: SINGLE (Groundball, 34D, EV 100.0 MPH)
Mario Barajas to second
Runner from 2nd tries for 3rd, SAFE, throw by RF made at trailing runner, OUT! 9-6
Top of the 7th over - 1 run, 3 hits, 0 errors, 1 left on base; University of Maine 2 - University of Miami 2
BOTTOM OF THE 7TH
University of Miami Hurricanes batting - Pitching for University of Maine Black Bears : RHP Noah Johnson
Batting: LHB Juan Zuniga 0-0: Called Strike
0-1: Ball
1-1: Ground out 6-3 (Groundball, 6M, EV 101.9 MPH)
Batting: RHB Justin Jackson 0-0: Called Strike
0-1: Fly out, F9 (Flyball, 9S, EV 76.9 MPH)
Batting: LHB Addergoole Kartosuwiryo 0-0: Ball
1-0: Swinging Strike
1-1: Ball
2-1: Ground out 6-3 (Groundball, 6, EV 86.9 MPH)
Bottom of the 7th over - 0 runs, 0 hits, 0 errors, 0 left on base; University of Maine 2 - University of Miami 2
TOP OF THE 8TH
University of Maine Black Bears batting - Pitching for University of Miami Hurricanes : RHP Terry Johnson
Pitching: RHP Matt Pepin
Batting: RHB Geoffrey Potter 0-0: Ball
1-0: SINGLE (Groundball, 56D, EV 102.5 MPH)
Pitching: LHP Ryan Hosken
Pinch Hitting: RHB Frank Gould 0-0: Called Strike
0-1: Ball
Wild Pitch!
Geoffrey Potter to second
1-1: Ball
2-1: Ball
3-1: Base on Balls
Pitching: RHP Kieran Jesso
Batting: RHB Geoffrey Gonzalez 0-0: Bunted foul
0-1: Bunted foul
0-2: Ball
1-2: Ball
2-2: Foul Ball, location: 2F
2-2: Foul Ball, location: 2F
2-2: Ground out 4-3 (Groundball, 34, EV 101.9 MPH)
Geoffrey Potter to third
Frank Gould to second
Batting: LHB Ed Leighton 0-0: Intentional Walk
Batting: RHB Rewa Havika 0-0: Called Strike
0-1: Foul Ball, location: 2F
0-2: Ball
1-2: Strikes out swinging
Batting: RHB Wang Huan 0-0: Ground out U3 (Groundball, 13, EV 83.8 MPH)
Top of the 8th over - 0 runs, 1 hit, 0 errors, 3 left on base; University of Maine 2 - University of Miami 2
BOTTOM OF THE 8TH
University of Miami Hurricanes batting - Pitching for University of Maine Black Bears : RHP Noah Johnson
Pitching: RHP Steve Brill
Now in LF: Frank Gould
Batting: RHB Danny Gallardo 0-0: Ball
1-0: Ball
2-0: Foul Ball, location: 2F
2-1: Called Strike
2-2: Ball
3-2: Strikes out swinging, 2-3 out at first.
Batting: LHB Brian Woods 0-0: SINGLE (Line Drive, 3D, EV 96.2 MPH)
Batting: RHB Burke Miller 0-0: Called Strike
0-1: Ball
1-1: Ball
2-1: Ball
3-1: SINGLE (Groundball, 13S, EV 62.5 MPH) (infield hit)
Brian Woods to second
Batting: RHB Chris Zubia 0-0: Ball
1-0: Ball
2-0: Foul Ball, location: 2F
2-1: SINGLE (Line Drive, 89M, EV 96.9 MPH)
Brian Woods to third
Burke Miller to second
Batting: SHB Taylor Shelton 0-0: Foul Ball, location: 2F
0-1: Ball
1-1: Ball
2-1: Ball
3-1: Called Strike
3-2: Grounds into fielders choice 3-2 (Groundball, 3, EV 75.6 MPH)
Burke Miller to third
Chris Zubia to second
Batting: LHB Hector Salazar 0-0: Called Strike
0-1: Ball
1-1: Ball
2-1: Called Strike
2-2: Ball
3-2: Foul Ball, location: 2F
3-2: Foul Ball, location: 2F
3-2: Foul Ball, location: 2F
3-2: Strikes out swinging
Bottom of the 8th over - 0 runs, 3 hits, 0 errors, 3 left on base; University of Maine 2 - University of Miami 2
TOP OF THE 9TH
University of Maine Black Bears batting - Pitching for University of Miami Hurricanes : RHP Kieran Jesso
Batting: LHB Dave Aguilar 0-0: Ball
1-0: Ball
2-0: Ball
3-0: Called Strike
3-1: Called Strike
3-2: Strikes out looking
Batting: SHB Mario Barajas 0-0: Swinging Strike
0-1: Ball
1-1: Foul Ball, location: 2F
1-2: Fly out, F7 (Flyball, 78M, EV 73.8 MPH)
Batting: LHB Carlos Rivera 0-0: Ball
1-0: SINGLE (Flyball, 9LS, EV 100.6 MPH)
Batting: RHB Geoffrey Potter 0-0: 2-RUN HOME RUN (Flyball, 78XD, EV 99.4 MPH), Distance : 413 ft
Batting: RHB Frank Gould 0-0: Ball
1-0: Ball
2-0: Ball
3-0: Base on Balls
Batting: RHB Geoffrey Gonzalez 0-0: Ball
1-0: Ball
2-0: Ball
3-0: Called Strike
3-1: Base on Balls
Frank Gould to second
Batting: LHB Ed Leighton 0-0: Called Strike
0-1: Swinging Strike
0-2: Ball
1-2: Strikes out swinging
Top of the 9th over - 2 runs, 2 hits, 0 errors, 2 left on base; University of Maine 4 - University of Miami 2
BOTTOM OF THE 9TH
University of Miami Hurricanes batting - Pitching for University of Maine Black Bears : RHP Steve Brill
Pitching: RHP Ik-jun Jahng
Batting: LHB Juan Zuniga 0-0: Ground out 4-3 (Groundball, 4D, EV 99.4 MPH)
Pinch Hitting: RHB Drew Morgenstern 0-0: Fly out, F9 (Line Drive, 89M, EV 92.5 MPH)
Batting: LHB Addergoole Kartosuwiryo 0-0: Ball
1-0: Foul Ball, location: 2F
1-1: Ball
2-1: Fly out, F9 (Line Drive, 9, EV 99.4 MPH)
Bottom of the 9th over - 0 runs, 0 hits, 0 errors, 0 left on base; University of Maine 4 - University of Miami 2
Tuesday, March 28th , 2023 - OOTP Baseball 23.10 Build 110